 Dungeon Crawl Stone Soup version 0.20-a0-910-gb611367 (webtiles) character file.

225 Duffy the Chopper (level 6, -1/52 HPs)
             Began as a Ghoul Gladiator on Mar 23, 2017.
             Slain by Eustachio
             ... wielding a +0 rapier
              (3 damage)
             ... on level 4 of the Dungeon.
             The game lasted 00:02:25 (3127 turns).

Duffy the Chopper (Ghoul Gladiator)                 Turns: 3127, Time: 00:02:26

Health: -1/52      AC:  8    Str: 20      XL:     6   Next: 1%
Magic:  5/5        EV: 10    Int:  3      God:
Gold:   129        SH:  0    Dex:  7 (10) Spells: 5/5 levels left

rFire    . . .     SeeInvis .   a - +0 war axe
rCold    + + .     Gourm    .   p - +0 scale mail
rNeg     + + +     Faith    .   (no shield)
rPois    ∞         Spirit   .   c - +0 helmet
rElec    .         Reflect  .   t - +0 cloak
rCorr    .         Harm     .   (no gloves)
MR       .....                  (no boots)
Stlth    ..........             (no amulet)
Regen    0.0/turn               (no ring)
MPRegen  0.1/turn               k - ring of protection from cold

@: rotting
A: rotting body, claws 1, carnivore 3, cold resistance 1, negative energy
resistance 3, inhibited regeneration, torment resistance, unbreathing
a: no special abilities


You were on level 4 of the Dungeon.
You were not hungry.

You visited 1 branch of the dungeon, and saw 4 of its levels.

You collected 129 gold pieces.

Inventory:

Hand Weapons
 a - a +0 war axe (weapon)
Missiles
 d - 3 throwing nets (quivered)
Armour
 c - a +0 helmet (worn)
 p - a +0 scale mail (worn)
 t - a +0 cloak (worn)
Jewellery
 k - a ring of protection from cold (left claw)
Wands
 u - a wand of polymorph (5/24)
Scrolls
 b - a scroll of amnesia {unknown}
 e - 2 scrolls of recharging {unknown}
 j - 2 scrolls of identify {unknown}
 m - 2 scrolls of remove curse {unknown}
 o - a scroll of teleportation {unknown}
Potions
 h - a potion of ambrosia {unknown}
 i - a potion of haste {unknown}
 l - a potion of agility {unknown}
 n - 2 potions of degeneration {unknown}
 r - 2 potions of magic {unknown}
 s - a potion of berserk rage {unknown}
Comestibles
 f - 2 meat rations
 q - a royal jelly


   Skills:
 + Level 4.2 Fighting
 * Level 5.0 Axes
 - Level 1.7 Throwing
 - Level 2.6 Dodging


You had 5 spell levels left.
You didn't know any spells.

Dungeon Overview and Level Annotations

Branches:
Dungeon (4/15)
 Temple: D:4-7

Altars:

Annotations:
D:4 Eustachio


Innate Abilities, Weirdness & Mutations

Your body is rotting away.
You thrive on raw meat.
You are immune to poison.
You have sharp fingernails.
You are carnivorous and can eat meat at any time.
Your flesh is cold resistant. (rC+)
You are immune to negative energy. (rN+++)
You do not regenerate when monsters are visible.
You are immune to unholy pain and torment.
You can survive without breathing.


Message History

You miss Eustachio.
Eustachio is severely wounded.
You miss the bat. You hit the quasit but do no damage.
You closely miss the river rat. You closely miss the quokka.
The bat hits you but does no damage. x3; The quasit misses you.
The quasit claws you.
You feel clumsy.
The quasit claws you but does no damage.
The quokka bites you. Eustachio closely misses you. The river rat bites you.
The quasit closely misses you. The quasit barely misses you.
The quasit misses you. The bat hits you but does no damage.
You hit Eustachio but do no damage.
Eustachio is severely wounded.
You hit the quokka but do no damage. You closely miss the river rat.
You closely miss the quasit. You closely miss the bat.
The quasit disappears in a puff of smoke!
The bat closely misses you. The bat barely misses you.
The bat hits you but does no damage. The quokka barely misses you.
Eustachio hits you with a rapier.
You die...

###.###...#.#..........
#.# #####.##...##.##
#.# #.###.## #.#
#.###.###.# #.###
#....(....# #...#
#####'##### #...#
##.(.## #...# ##.)0r.##
##..## #..5b@..#
####...####.....@r..#
..........+...b55...+
###....####.........#
#.....# ##.......##
#<....# ##.....##
#.....# ##...## ##...##
##+## #.###


You could see Eustachio, a river rat, 2 shadow imps, an ufetubus, a quokka and 2
bats.

Vanquished Creatures
  An orc priest (D:3)
  2 orc wizards
  Robin (D:3)
  3 gnolls (D:2)
  An adder (D:3)
  An adder skeleton (D:4)
  3 dart slugs (D:1)
  A leopard gecko (D:3)
  7 orcs
  5 giant cockroaches
  13 goblins
  8 hobgoblins
  4 jackals (D:1)
  6 kobolds
  A quokka (D:3)
  A ball python (D:3)
  7 bats
  4 frilled lizards
  7 rats
76 creatures vanquished.

Notes
Turn   | Place    | Note
-------+----------+-------------------------------------------
     0 | D:1      | Duffy the Ghoul Gladiator began the quest for the Orb.
     0 | D:1      | Reached XP level 1. HP: 17/17 MP: 0/0
   304 | D:1      | Reached XP level 2. HP: 25/25 MP: 1/1
   309 | D:1      | Reached skill level 3 in Axes
   719 | D:1      | Reached XP level 3. HP: 28/31 MP: 2/2
  1784 | D:2      | Reached XP level 4. HP: 38/38 MP: 3/3
  2106 | D:3      | Reached skill level 4 in Axes
  2113 | D:3      | Reached XP level 5. HP: 25/46 MP: 4/4
  2522 | D:3      | Noticed Robin
  2539 | D:3      | Killed Robin
  3100 | D:4      | Noticed Eustachio
  3108 | D:4      | Reached skill level 5 in Axes
  3109 | D:4      | Reached XP level 6. HP: 42/52 MP: 5/5
  3126 | D:4      | HP: 2/52 [river rat[Eustachio] (1)]
  3127 | D:4      | Slain by Eustachio

Vault maps used:
D:1:      minmay_arrival_floating_metal
D:3:      uniq_robin
D:4:      minmay_temple_entry_grid, first_bread, corexii_checkpoint_b,
          uniq_eustachio

Skill      XL: |  1  2  3  4  5 |
---------------+----------------+-----
Axes           | 3 4 5 |  5.0
Fighting       | 3 4 |  4.2
Throwing       | |  1.7
Dodging        | |  2.6

Action                   |  1- 3 |  4- 6 || total
-------------------------+-------+-------++-------
Melee: War axe           |   112 |   121 ||   233
  Eat: Chunk             |    10 |    19 ||    29
Armor: Leather armour    |    32 |       ||    32
       Scale mail        |    16 |   123 ||   139
Dodge: Dodged            |    82 |   140 ||   222
